Map: 2000 Atmosphären LE

Players

K.I.-1 (Mittel) - Winner!

  • Race: Zerg Zerg

Luca

  • Race: Terran Terran
  • League: Master

VOD

Have the link to the VOD?

Description

Time

  • Played on: March 15, 2022, 3:09 a.m.
  • Length: 2:42
Show
View Real Time Build Order
Export as new Build Order

K.I.-1 (Mittel) Zerg - Winner!

Build Orders: Pool Only 

Get SALT Encoding   

  12  0:00  Drone  
  13  0:12  Overlord  
  13  0:16  Drone  
  14  0:31  Drone  
  14  0:33  Drone  
  16  0:43  Spawning Pool  
  16  0:45  Drone  
  16  0:49  Drone  
  17  0:52  Extractor  
  17  0:56  Drone  
  17  1:06  Overlord  
  17  1:30  Queen  
  17  1:31  Zergling x2  
  20  1:35  Roach Warren  
  20  1:38  Drone  
  20  1:41  Extractor  
  19  1:47  Zergling x2  
  19  1:49  Drone  
  20  2:03  Zergling x2  
  20  2:18  Zergling x2  
  20  2:21  Drone  
Show
View Real Time Build Order
Export as new Build Order

Luca Terran 

Build Orders:  

Get SALT Encoding   

  12  0:10  Supply Depot  
  12  0:32  Barracks  
  12  0:43  Barracks  
  12  0:48  SCV  
  13  1:02  SCV  
  14  1:19  Marine  
  14  1:25  Orbital Command  
  15  1:30  Marine  
  16  1:37  Marine  
  17  1:44  Bunker  
  17  1:48  Marine  
  18  1:54  SCV  
  18  1:55  Marine  
  19  2:06  Marine  
  19  2:07  Supply Depot  
  20  2:12  Marine  
  21  2:18  Bunker  
  21  2:20  SCV  
  21  2:23  Marine  
Tags
 
Add a new tag
Caveats
  • Supply blocks, unpowered buildings, or Contaminate may cause inaccurate times.
  • Supply counts are checked every 10 seconds.